| TOP OF THE 1ST |
|
Baltimore Orioles batting - Pitching for Atlanta Braves : RHP Sean Geer
|
|
Pitching: RHP Sean Geer
|
|
|
Batting: RHB Saimei Kudo
|
0-0: Called Strike 0-1: Ball 1-1: Ball 2-1: Swinging Strike 2-2: Foul Ball, location: 2F 2-2: Strikes out swinging
|
|
Batting: LHB Jesus Lozano
|
0-0: Foul Ball, location: 2F 0-1: Ball 1-1: Called Strike 1-2: Strikes out swinging
|
|
Batting: RHB Rudo Garciaparra
|
0-0: Called Strike 0-1: Swinging Strike 0-2: Ball 1-2: Foul Ball, location: 2F 1-2: Ball 2-2: Ground out 4-3 (Groundball, 4M, EV 91.9 MPH)
|
| Top of the 1st over - 0 runs, 0 hits, 0 errors, 0 left on base; Baltimore 0 - Atlanta 0 |
| BOTTOM OF THE 1ST |
|
Atlanta Braves batting - Pitching for Baltimore Orioles : RHP Dave Reisinger
|
|
Pitching: RHP Dave Reisinger
|
|
|
Batting: RHB Jeckel Hester
|
0-0: Called Strike 0-1: Ball 1-1: Swinging Strike 1-2: SINGLE (Line Drive, 34D, EV 98.8 MPH)
|
|
Batting: RHB Luis Torres
|
0-0: Ball 1-0: Foul Ball, location: 2F 1-1: Ball 2-1: Ball 3-1: Base on Balls Jeckel Hester to second
|
|
Batting: RHB Jordan Martin
|
0-0: Foul Ball, location: 2F 0-1: Fly out, F8 (Flyball, 8LD, EV 98.8 MPH)
|
|
Batting: RHB Adriaan Pieters
|
0-0: Called Strike 0-1: DOUBLE (Flyball, 8RXD, EV 105.6 MPH) Jeckel Hester scores Luis Torres to third Runner from 3rd tries for Home, SAFE, throw by CF to home
|
|
Batting: RHB Ike Trout
|
0-0: Called Strike 0-1: Fly out, F9 (Flyball, 9, EV 92.5 MPH)
|
|
Batting: LHB Colin Worthington
|
0-0: Called Strike 0-1: Ball 1-1: Called Strike 1-2: Ball 2-2: Ball 3-2: Base on Balls
|
|
Batting: RHB Xavier Davis
|
0-0: Called Strike 0-1: Foul Ball, location: 2F 0-2: Ball 1-2: Ball 2-2: Strikes out swinging
|
| Bottom of the 1st over - 2 runs, 2 hits, 0 errors, 2 left on base; Baltimore 0 - Atlanta 2 |
| TOP OF THE 2ND |
|
Baltimore Orioles batting - Pitching for Atlanta Braves : RHP Sean Geer
|
|
Batting: RHB Marc Peckermark
|
0-0: Ball 1-0: Ball 2-0: Ball 3-0: Called Strike 3-1: Called Strike 3-2: Strikes out looking
|
|
Batting: LHB Bob Melley
|
0-0: Ball 1-0: Fly out, F7 (Flyball, 7D, EV 101.9 MPH)
|
|
Batting: RHB Randy Johnson Jr.
|
0-0: Ball 1-0: Ball 2-0: SINGLE (Line Drive, 5D, EV 98.8 MPH)
|
|
Batting: SHB Robert Handy
|
0-0: Ball Randy Johnson Jr. steals 2nd base 1-0: Called Strike 1-1: Called Strike 1-2: Fly out, F7 (Flyball, 7S, EV 78.1 MPH)
|
| Top of the 2nd over - 0 runs, 1 hit, 0 errors, 1 left on base; Baltimore 0 - Atlanta 2 |
| BOTTOM OF THE 2ND |
|
Atlanta Braves batting - Pitching for Baltimore Orioles : RHP Dave Reisinger
|
|
Batting: LHB Matt Sigurdson
|
0-0: Called Strike 0-1: SOLO HOME RUN (Flyball, 78XD, EV 109.4 MPH), Distance : 418 ft
|
|
Batting: LHB Per Meulengracht
|
0-0: Ball 1-0: Ground out U3 (Groundball, 34S, EV 88.8 MPH)
|
|
Batting: RHB Jeckel Hester
|
0-0: Ball 1-0: Called Strike 1-1: Ball 2-1: Ball 3-1: Base on Balls
|
|
Batting: RHB Luis Torres
|
0-0: Ball 1-0: Ball 2-0: SINGLE (Line Drive, 8LS, EV 110.6 MPH) Jeckel Hester to second
|
|
Batting: RHB Jordan Martin
|
0-0: Ball 1-0: Fly out, F6 (Flyball, 5D, EV 88.8 MPH)
|
|
Batting: RHB Adriaan Pieters
|
0-0: Ball 1-0: Called Strike 1-1: Foul Ball, location: 2F 1-2: Strikes out looking
|
| Bottom of the 2nd over - 1 run, 2 hits, 0 errors, 2 left on base; Baltimore 0 - Atlanta 3 |
| TOP OF THE 3RD |
|
Baltimore Orioles batting - Pitching for Atlanta Braves : RHP Sean Geer
|
|
Batting: RHB Jesse Basich
|
0-0: Ground out 5-3 (Groundball, 5, EV 90.6 MPH)
|
|
Batting: RHB Andres Leon
|
0-0: Ball 1-0: Ball 2-0: Foul Ball, location: 2F 2-1: Foul Ball, location: 2F 2-2: SINGLE (Line Drive, 4MD, EV 99.4 MPH)
|
|
Batting: RHB Saimei Kudo
|
0-0: Ball 1-0: Grounds into double play, 4-6-3 (Groundball, 4, EV 80.6 MPH)
|
| Top of the 3rd over - 0 runs, 1 hit, 0 errors, 0 left on base; Baltimore 0 - Atlanta 3 |
| BOTTOM OF THE 3RD |
|
Atlanta Braves batting - Pitching for Baltimore Orioles : RHP Dave Reisinger
|
|
Batting: RHB Ike Trout
|
0-0: Ball 1-0: Foul Ball, location: 2F 1-1: Fly out, F9 (Flyball, 9, EV 85.6 MPH)
|
|
Batting: LHB Colin Worthington
|
0-0: Called Strike 0-1: Ball 1-1: Swinging Strike 1-2: Foul Ball, location: 2F 1-2: Ball 2-2: Ball 3-2: DOUBLE (Flyball, 9LD, EV 105.0 MPH)
|
|
Batting: RHB Xavier Davis
|
0-0: Ball 1-0: Ball 2-0: Ball 3-0: Called Strike 3-1: SINGLE (Groundball, 6MD, EV 102.5 MPH) Colin Worthington to third Runner from 3rd tries for Home, throw by CF and OUT! 8-2
|
|
Batting: LHB Matt Sigurdson
|
0-0: Ball Xavier Davis steals 2nd base 1-0: Ball 2-0: Ball 3-0: Base on Balls
|
|
Batting: LHB Per Meulengracht
|
0-0: Ball 1-0: Ball 2-0: Fly out, F8 (Flyball, 8LD, EV 104.4 MPH)
|
| Bottom of the 3rd over - 0 runs, 2 hits, 0 errors, 2 left on base; Baltimore 0 - Atlanta 3 |
| TOP OF THE 4TH |
|
Baltimore Orioles batting - Pitching for Atlanta Braves : RHP Sean Geer
|
|
Batting: LHB Jesus Lozano
|
0-0: Called Strike 0-1: Ball 1-1: Ground out 6-3 (Groundball, P, EV 91.9 MPH)
|
|
Batting: RHB Rudo Garciaparra
|
0-0: Foul Ball, location: 2F 0-1: Foul Ball, location: 2F 0-2: Ball 1-2: Ball 2-2: Ball 3-2: Foul Ball, location: 2F 3-2: Base on Balls
|
|
Batting: RHB Marc Peckermark
|
0-0: Called Strike 0-1: Called Strike 0-2: SINGLE (Line Drive, 4D, EV 106.2 MPH) Rudo Garciaparra to second
|
|
Batting: LHB Bob Melley
|
0-0: Swinging Strike 0-1: Fly out, F5 (Popup, 56, EV 59.4 MPH)
|
|
Batting: RHB Randy Johnson Jr.
|
0-0: Foul Ball, location: 2F 0-1: Ball 1-1: Foul Ball, location: 2F 1-2: Ball 2-2: Strikes out swinging
|
| Top of the 4th over - 0 runs, 1 hit, 0 errors, 2 left on base; Baltimore 0 - Atlanta 3 |
| BOTTOM OF THE 4TH |
|
Atlanta Braves batting - Pitching for Baltimore Orioles : RHP Dave Reisinger
|
|
Batting: RHB Jeckel Hester
|
0-0: Foul Ball, location: 2F 0-1: Ball 1-1: Ball 2-1: Swinging Strike 2-2: Strikes out swinging
|
|
Batting: RHB Luis Torres
|
0-0: Ball 1-0: Foul Ball, location: 2F 1-1: Foul Ball, location: 2F 1-2: Foul Ball, location: 2F 1-2: Ground out 1-3 (Groundball, 13, EV 61.9 MPH)
|
|
Batting: RHB Jordan Martin
|
0-0: Called Strike 0-1: Ball 1-1: Swinging Strike 1-2: Strikes out looking
|
| Bottom of the 4th over - 0 runs, 0 hits, 0 errors, 0 left on base; Baltimore 0 - Atlanta 3 |
| TOP OF THE 5TH |
|
Baltimore Orioles batting - Pitching for Atlanta Braves : RHP Sean Geer
|
|
Batting: SHB Robert Handy
|
0-0: Ball 1-0: Ground out 5-3 (Groundball, 56, EV 91.9 MPH)
|
|
Batting: RHB Jesse Basich
|
0-0: Ball 1-0: Ground out 5-3 (Groundball, 56S, EV 80.0 MPH)
|
|
Batting: RHB Andres Leon
|
0-0: Called Strike 0-1: Called Strike 0-2: Strikes out swinging
|
| Top of the 5th over - 0 runs, 0 hits, 0 errors, 0 left on base; Baltimore 0 - Atlanta 3 |
| BOTTOM OF THE 5TH |
|
Atlanta Braves batting - Pitching for Baltimore Orioles : RHP Dave Reisinger
|
|
Batting: RHB Adriaan Pieters
|
0-0: Fly out, F6 (Popup, P, EV 76.2 MPH)
|
|
Batting: RHB Ike Trout
|
0-0: Called Strike 0-1: Ball 1-1: Foul Ball, location: 2F 1-2: Strikes out looking
|
|
Batting: LHB Colin Worthington
|
0-0: Ball 1-0: Foul Ball, location: 2F 1-1: Called Strike 1-2: Ball 2-2: Ball 3-2: Base on Balls
|
|
Batting: RHB Xavier Davis
|
0-0: DOUBLE (Flyball, 78D, EV 111.2 MPH) Colin Worthington to third
|
|
Batting: LHB Matt Sigurdson
|
0-0: Ball 1-0: Called Strike 1-1: Ball 2-1: SINGLE (Line Drive, 9S, EV 95.6 MPH) Colin Worthington scores Xavier Davis to third Runner from 3rd tries for Home, SAFE, throw by RF to home
|
|
Pitching: LHP Justin Dine
|
|
|
Batting: LHB Per Meulengracht
|
0-0: Called Strike 0-1: Ball 1-1: Ball 2-1: Fly out, F7 (Flyball, 7S, EV 90.0 MPH)
|
| Bottom of the 5th over - 2 runs, 2 hits, 0 errors, 1 left on base; Baltimore 0 - Atlanta 5 |
| TOP OF THE 6TH |
|
Baltimore Orioles batting - Pitching for Atlanta Braves : RHP Sean Geer
|
|
Batting: RHB Saimei Kudo
|
0-0: Ball 1-0: Ball 2-0: Called Strike 2-1: Called Strike 2-2: Ground out 3-1 (Groundball, 13, EV 84.4 MPH)
|
|
Batting: LHB Jesus Lozano
|
0-0: SINGLE (Groundball, 4MD, EV 108.1 MPH)
|
|
Batting: RHB Rudo Garciaparra
|
0-0: Called Strike 0-1: Ball 1-1: Ball 2-1: Swinging Strike 2-2: Strikes out looking
|
|
Batting: RHB Marc Peckermark
|
0-0: Called Strike 0-1: Foul Ball, location: 2F 0-2: Ball 1-2: Foul Ball, location: 2F 1-2: Foul Ball, location: 2F 1-2: SINGLE (Groundball, 34D, EV 96.2 MPH) Jesus Lozano to second Runner from 2nd tries for 3rd, SAFE, no throw by RF
|
|
Batting: LHB Bob Melley
|
0-0: Fly out, F7 (Flyball, 78XD, EV 97.5 MPH)
|
| Top of the 6th over - 0 runs, 2 hits, 0 errors, 2 left on base; Baltimore 0 - Atlanta 5 |
| BOTTOM OF THE 6TH |
|
Atlanta Braves batting - Pitching for Baltimore Orioles : LHP Justin Dine
|
|
Batting: RHB Jeckel Hester
|
0-0: Called Strike 0-1: Ball 1-1: Ball 2-1: Ball 3-1: Base on Balls
|
|
Batting: RHB Luis Torres
|
0-0: Ball Jeckel Hester steals 2nd base 1-0: Ground out 6-3 (Groundball, 6, EV 83.1 MPH) Jeckel Hester to third
|
|
Batting: RHB Jordan Martin
|
0-0: Swinging Strike 0-1: Foul Ball, location: 2F 0-2: Ball 1-2: Foul Ball, location: 2F 1-2: DOUBLE (Flyball, 8RXD, EV 110.6 MPH) Jeckel Hester scores
|
|
Batting: RHB Adriaan Pieters
|
0-0: Ground out 6-3 (Groundball, P, EV 81.2 MPH) Jordan Martin to third
|
|
Batting: RHB Ike Trout
|
0-0: Ball 1-0: Foul Ball, location: 2F 1-1: Ball 2-1: Ball 3-1: Base on Balls
|
|
Batting: LHB Colin Worthington
|
0-0: Called Strike 0-1: Ball 1-1: Ground out 5-3 (Groundball, 5, EV 82.5 MPH)
|
| Bottom of the 6th over - 1 run, 1 hit, 0 errors, 2 left on base; Baltimore 0 - Atlanta 6 |
| TOP OF THE 7TH |
|
Baltimore Orioles batting - Pitching for Atlanta Braves : RHP Sean Geer
|
|
Batting: RHB Randy Johnson Jr.
|
0-0: Ball 1-0: Ball 2-0: Ball 3-0: SOLO HOME RUN (Flyball, 7D, EV 100.0 MPH), Distance : 383 ft
|
|
Batting: SHB Robert Handy
|
0-0: Ball 1-0: Ball 2-0: Called Strike 2-1: Ball 3-1: Base on Balls
|
|
Batting: RHB Jesse Basich
|
0-0: Grounds into double play, 5-4-3 (Groundball, 5, EV 109.4 MPH)
|
|
Batting: RHB Andres Leon
|
0-0: Ball 1-0: Fly out, F9 (Flyball, 9D, EV 91.2 MPH)
|
| Top of the 7th over - 1 run, 1 hit, 0 errors, 0 left on base; Baltimore 1 - Atlanta 6 |
| BOTTOM OF THE 7TH |
|
Atlanta Braves batting - Pitching for Baltimore Orioles : LHP Justin Dine
|
|
Batting: RHB Xavier Davis
|
0-0: Ball 1-0: Ball 2-0: Foul Ball, location: 2F 2-1: Ball 3-1: Fly out, F9 (Flyball, 9, EV 88.8 MPH)
|
|
Batting: LHB Matt Sigurdson
|
0-0: Ground out 5-3 (Groundball, 5, EV 86.9 MPH)
|
|
Batting: LHB Per Meulengracht
|
0-0: SINGLE (Groundball, 6D, EV 102.5 MPH)
|
|
Batting: RHB Jeckel Hester
|
0-0: Called Strike 0-1: Swinging Strike 0-2: Ball 1-2: Fly out, F7 (Flyball, 78M, EV 86.9 MPH)
|
| Bottom of the 7th over - 0 runs, 1 hit, 0 errors, 1 left on base; Baltimore 1 - Atlanta 6 |
| TOP OF THE 8TH |
|
Baltimore Orioles batting - Pitching for Atlanta Braves : RHP Sean Geer
|
|
Batting: RHB Saimei Kudo
|
0-0: Ball 1-0: Ball 2-0: Foul Ball, location: 2F 2-1: Swinging Strike 2-2: Foul Ball, location: 2F 2-2: Ball 3-2: Base on Balls
|
|
Pitching: RHP Tim Kull
|
|
|
Batting: LHB Jesus Lozano
|
0-0: Ball 1-0: Ball 2-0: Ball 3-0: Called Strike 3-1: Foul Ball, location: 2F 3-2: Base on Balls Saimei Kudo to second
|
|
Batting: RHB Rudo Garciaparra
|
0-0: Foul Ball, location: 2F 0-1: Ball 1-1: Called Strike 1-2: Ball 2-2: Strikes out swinging
|
|
Batting: RHB Marc Peckermark
|
0-0: Swinging Strike 0-1: Ball 1-1: Ball 2-1: Called Strike 2-2: Strikes out swinging
|
|
Batting: LHB Bob Melley
|
0-0: Called Strike 0-1: Foul Ball, location: 2F 0-2: Ball 1-2: Fly out, F8 (Line Drive, 89M, EV 97.5 MPH)
|
| Top of the 8th over - 0 runs, 0 hits, 0 errors, 2 left on base; Baltimore 1 - Atlanta 6 |
| BOTTOM OF THE 8TH |
|
Atlanta Braves batting - Pitching for Baltimore Orioles : LHP Justin Dine
|
|
Batting: RHB Luis Torres
|
0-0: Ball 1-0: Fly out, F8 (Flyball, 8LD, EV 94.4 MPH)
|
|
Batting: RHB Jordan Martin
|
0-0: Foul Ball, location: 2F 0-1: Ball 1-1: Ball 2-1: Ground out 6-3 (Groundball, 6, EV 105.6 MPH)
|
|
Batting: RHB Adriaan Pieters
|
0-0: Called Strike 0-1: Ball 1-1: Ball 2-1: Ball 3-1: Called Strike 3-2: DOUBLE (Line Drive, 7LM, EV 106.9 MPH)
|
|
Pitching: RHP Jay Rapini
|
|
|
Batting: RHB Ike Trout
|
0-0: Called Strike 0-1: 2-RUN HOME RUN (Line Drive, 78XD, EV 111.9 MPH), Distance : 408 ft
|
|
Batting: LHB Colin Worthington
|
0-0: Foul Ball, location: 2F 0-1: Ball 1-1: Ball 2-1: Foul Ball, location: 2F 2-2: Foul Ball, location: 2F 2-2: Ground out 5-3 (Groundball, 56, EV 101.9 MPH)
|
| Bottom of the 8th over - 2 runs, 2 hits, 0 errors, 0 left on base; Baltimore 1 - Atlanta 8 |
| TOP OF THE 9TH |
|
Baltimore Orioles batting - Pitching for Atlanta Braves : RHP Tim Kull
|
|
Batting: RHB Randy Johnson Jr.
|
0-0: Swinging Strike 0-1: Foul Ball, location: 2F 0-2: Ball 1-2: Ground out 1-3 (Groundball, 34S, EV 66.2 MPH)
|
|
Batting: SHB Robert Handy
|
0-0: Swinging Strike 0-1: SINGLE (Groundball, 4MD, EV 95.0 MPH)
|
|
Batting: RHB Jesse Basich
|
0-0: SINGLE (Line Drive, 78S, EV 104.4 MPH) Robert Handy to second
|
|
Batting: RHB Andres Leon
|
0-0: Swinging Strike 0-1: Ball 1-1: Ball 2-1: Called Strike 2-2: Fly out, F9 (Flyball, 9LM, EV 100.6 MPH)
|
|
Batting: RHB Saimei Kudo
|
0-0: Ball 1-0: SINGLE (Groundball, 56D, EV 104.4 MPH) Robert Handy to third Jesse Basich to second
|
|
Batting: LHB Jesus Lozano
|
0-0: Called Strike 0-1: Ball 1-1: Fly out, F8 (Flyball, 8RM, EV 72.5 MPH)
|
| Top of the 9th over - 0 runs, 3 hits, 0 errors, 3 left on base; Baltimore 1 - Atlanta 8 |
|